 Dungeon Crawl Stone Soup version 0.30.1-4-g462c640d31 (console) character file.

Game seed: 5308082148981220452

4797 shmup the Arsonist (level 10, -6/56 HPs)
             Began as a Tengu Fire Elementalist on Sept 6, 2023.
             Was a Believer of Vehumet.
             Shot with an arrow by a centaur warrior (9 damage)
             ... on level 8 of the Dungeon on Sept 8, 2023.
             The game lasted 00:53:03 (11764 turns).

shmup the Arsonist (Tengu Fire Elementalist)       Turns: 11764, Time: 00:53:03

Health: -6/56      AC:  6    Str: 10    XL:     10   Next: 48%
Magic:  9/17       EV: 20    Int: 23    God:    Vehumet [**....]
Gold:   179        SH:  0    Dex: 20    Spells: 4/17 levels left

rFire   . . .        a - +6 double sword {vamp, rElec Will+ rCorr Int+4}
rCold   . . .        (no shield)
rNeg    . . .        y - +0 robe
rPois   .            (helmet restricted)
rElec   +            c - +1 cloak
rCorr   +            q - +1 Delatra's gloves {ID++}
SInv    .            (boots unavailable)
Will    +....        (no amulet)
Stlth   ++           J - ring of wizardry
HPRegen 0.29/turn    w - +6 ring of dexterity
MPRegen 0.15/turn

%: wizardry (x1)
@: flying quickly and evasively, quick
A: beak, talons 3, nimble flight
a: Renounce Religion


You were on level 8 of the Dungeon.
You worshipped Vehumet.
Vehumet was pleased with you.
You visited 2 branches of the dungeon, and saw 9 of its levels.

You collected 439 gold pieces.
You spent 260 gold pieces at shops.

Inventory:

Hand Weapons
 a - the +6 double sword "Saesawio" (weapon) {vamp, rElec Will+ rCorr Int+4}
   (You acquired it on level 7 of the Dungeon)

   Int:       It affects your intelligence (+4).
   rElec:     It insulates you from electricity.
   rCorr:     It protects you from acid and corrosion.
   Will:      It increases your willpower.
 b - the +1 hand axe of Twilight {elec, *Corrode Str+5 Dex+3}
   (You found it on level 3 of the Dungeon)

   Str:       It affects your strength (+5).
   Dex:       It affects your dexterity (+3).
   *Corrode:  It may corrode you when you take damage.
 h - a +0 dagger
 l - the +8 mace of Bloody Death {distort, rF- Str+3 Int+5 Stlth+}
   (You found it on level 2 of the Dungeon)

   Str:       It affects your strength (+3).
   Int:       It affects your intelligence (+5).
   rF:        It makes you vulnerable to fire.
   Stlth:     It makes you more stealthy.
 m - a +1 spear
 n - a +1 dagger of speed
 v - a +0 whip
Missiles
 f - 23 poisoned darts
 g - 91 stones (quivered)
 k - 5 boomerangs
 A - 2 atropa-tipped darts
 N - 4 throwing nets
 O - a curare-tipped dart
Armour
 c - a +1 cloak (worn)
 q - the +1 Delatra's gloves (worn) {ID++}
   (You found it on level 2 of the Dungeon)

   ID++:      It heals its wearer when they drink unknown potions, and restores
   their MP when they read unknown scrolls.
 y - a +0 robe (worn)
Magical Staves
 K - a staff of earth
Jewellery
 j - a ring of see invisible
 u - a ring of protection from fire
 w - a +6 ring of dexterity (right hand)
 E - a ring of poison resistance
 J - a ring of wizardry (left hand)
Wands
 G - a wand of polymorph (7)
 I - a wand of digging (3)
Scrolls
 d - 3 scrolls of teleportation
 r - a scroll of enchant weapon
 s - 3 scrolls of fear
 t - a scroll of blinking
 C - a scroll of immolation
 D - a scroll of vulnerability
 M - a scroll of fog
Potions
 e - 2 potions of invisibility
 i - 5 potions of curing
 p - a potion of resistance
 x - 2 potions of haste
 z - a potion of magic
 B - 2 potions of lignification
 F - a potion of might
 H - a potion of degeneration
 L - a potion of berserk rage


   Skills:
 - Level 4.1 Fighting
 + Level 7.3 Long Blades
 - Level 7.0 Dodging
 - Level 2.0 Stealth
 - Level 4.0 Spellcasting
 - Level 7.0 Conjurations
 - Level 10.6 Fire Magic


You had 4 spell levels left.
You knew the following spells:

 Your Spells              Type           Power      Damage    Failure   Level
a - Foxfire               Conj/Fire      100%       2x1d9     1%          1
b - Scorch                Fire           100%       2d9       1%          2
c - Inner Flame           Hex/Fire       28%        N/A       1%          3
d - Volatile Blastmotes   Fire/Tloc      56%        2d14      1%          3
w - Flame Wave            Conj/Fire      45%        2d12      1%          4

Your spell library contained the following spells:

 Spells                   Type           Power      Damage    Failure   Level
 Freeze                   Ice            16%        1d4       4%          1
 Magic Dart               Conj           100%       1d8       1%          1
 Necrotise                Necr           16%        1d4       4%          1
 Mephitic Cloud           Conj/Pois/Air  15%        N/A       4%          3
 Call Imp                 Summ           8%         N/A       6%          2
 Vampiric Draining        Necr           4%         2d6       12%         3
 Agony                    Necr           4%         N/A       71%         5


Dungeon Overview and Level Annotations

Branches:
Dungeon (8/15) Zot: 25054  Temple (1/1) D:6 Zot: 5857
   Lair: D:8-11

Altars:
Ashenzari
Cheibriados
Fedhas
Gozag
Hepliaklqana
Kikubaaqudgha
Makhleb
Okawaru
Ru
Sif Muna
Trog
Uskayaw
Vehumet
Wu Jian
Xom
Yredelemnul
Zin
The Shining One

Shops:
D:2 (*=(!

Annotations:
D:3 exclusion: 2 downstairs
D:4 1 runed translucent door
D:5 2 transporters, SirLogeyBear's ghost, novice HOBe
D:7 exclusion: 3 downstairs
D:8 3 runed translucent doors, LynnLen's ghost, novice SpEn


Innate Abilities, Weirdness & Mutations

You have a beak for a mouth.
You have claws for feet.
Your magical nature lets you fly swiftly and evasively.


Message History

The centaur warrior shoots an arrow.
The arrow completely misses you.
Casting: Scorch (safe; 1% risk of failure)
Confirm with . or Enter, or press ? or * to list all spells.
You conjure some foxfire!
Casting: Foxfire (safe; 1% risk of failure)
Confirm with . or Enter, or press ? or * to list all spells.
You conjure some foxfire!
The foxfire hits the centaur warrior but does no damage.
The centaur warrior is lightly wounded.
The centaur warrior shoots an arrow.
The arrow hits you!
* * * LOW HITPOINT WARNING * * *
The centaur warrior shoots an arrow.
The arrow misses you.
The foxfire hits the centaur warrior but does no damage.
The centaur warrior is lightly wounded.
The centaur warrior drinks a potion.
The centaur warrior suddenly seems more resistant.
Casting: Foxfire (safe; 1% risk of failure)
Confirm with . or Enter, or press ? or * to list all spells.
Flames lash the centaur warrior.
The centaur warrior resists.
The centaur warrior is lightly wounded.
The centaur warrior's fire resistance burns away.
You hear a horrible gurgling sound!
The foxfire hits the centaur warrior.
The centaur warrior is lightly wounded.
The foxfire hits the centaur warrior.
The centaur warrior is lightly wounded.
The centaur warrior shoots an arrow.
The arrow completely misses you.
Casting: Scorch (safe; 1% risk of failure)
Confirm with . or Enter, or press ? or * to list all spells.
Flames lash the centaur warrior.
The centaur warrior is moderately wounded.
The centaur warrior shoots an arrow.
The arrow hits you!!
* * * LOW HITPOINT WARNING * * *
The centaur warrior shoots an arrow.
The arrow barely misses you.
Unknown command.
Okay, then.
Press: ? - help, v - describe, . - travel The floor.
The centaur warrior shoots an arrow.
The arrow hits you!
You die...

▒.....▒.............▒....▒...
▒▒▒...▒................▒.▒▒..
▒▒........................_
▒▒......................▒▒..
▒...▒▒..[...............▒...
▒▒▒..▒▒......▒▒▒▒..........▒.
▒<...[....[...▒▒▒.........▒▒.
▒▒.[......[.▒...▒▒............
▒▒$.[.▒▒▒....▒Q..▒.............
▒.....[.▒▒##▒................▒▒
▒......)........▒......▒......▒
▒..▒.~~~~~.~~~.▒▒▒............▒
▒▒.▒.~.....c.~..▒*............▒
▒...~.▒▒▒▒▒.~..▒*,...▒▒▒...▒).
▒▒..~.▒,,,..~.>.▒,,,.,*▒......
▒..~.▒,_.▒.~.....,,,,*▒......
▒..~..,,,▒.~.....**,,,▒.▒..▒.


You could see a centaur warrior (resistant, combustible).

Vanquished Creatures
  A wyvern (D:5)
  Grum (D:8)
  4 steam dragons
  Edmund (D:4)
  2 water moccasins (D:6)
  An orc warrior (D:8)
  A sky beast (D:6)
  2 ice beasts
  2 ogres (D:5)
  3 wolves
  A centaur (D:6)
  2 kobold brigands
  A gnoll sergeant (D:7)
  A bullfrog (D:6)
  2 scorpions
  17 wights
  6 killer bees (D:8)
  A howler monkey (D:6)
  8 hounds
  A human zombie (D:4)
  A gnoll bouda (D:7)
  7 orc priests
  A sleepcap (D:5)
  6 iguanas
  8 orc wizards
  5 adders
  13 gnolls
  A shadow imp (D:6)
  A white imp (D:5)
  4 ufetubi
  3 worms
  3 dart slugs
  37 orcs
  5 ball pythons
  6 bats
  8 endoplasms
  2 giant cockroaches
  9 goblins
  9 hobgoblins
  24 kobolds
  2 quokkas
  5 frilled lizards
  A jackal skeleton (D:4)
  7 rats
226 creatures vanquished.

Vanquished Creatures (others)
  432 foxfires
432 creatures vanquished.

Grand Total: 658 creatures vanquished

Notes
Turn   | Place    | Note
-------+----------+-------------------------------------------
     0 | D:1      | shmup the Tengu Fire Elementalist began the quest for the
                  | Orb.
     0 | D:1      | Reached XP level 1. HP: 10/10 MP: 4/4
   298 | D:1      | Reached XP level 2. HP: 15/15 MP: 3/6
   661 | D:1      | Reached XP level 3. HP: 19/19 MP: 5/7
   674 | D:1      | Reached skill level 4 in Fire Magic
   681 | D:1      | Learned a level 2 spell: Scorch
  1491 | D:2      | Found Jeorrokk's Jewellery Shoppe.
  1606 | D:2      | Reached XP level 4. HP: 6/24 MP: 5/8
  1827 | D:2      | Identified the +8 mace of Bloody Death {distort, rF- Str+3
                  | Int+5 Stlth+}
  1900 | D:2      | Found a blossoming altar of Fedhas.
  1995 | D:2      | Found Zupruibb's Assorted Antiques.
  2049 | D:2      | Found Fiem's Antique Weapon Shoppe.
  2286 | D:2      | Found Odufi's Antique Weapon Emporium.
  2376 | D:2      | Found the +1 Delatra's gloves {ID++}
  2638 | D:2      | Gained mutation: Your magical nature lets you fly swiftly
                  | and evasively. [Tengu growth]
  2638 | D:2      | Reached XP level 5. HP: 23/28 MP: 6/9
  2732 | D:2      | Found Kerauqyfi's Distillery.
  3081 | D:3      | Reached skill level 5 in Fire Magic
  3219 | D:3      | Identified the +1 hand axe of Twilight {elec, *Corrode
                  | Str+5 Dex+3}
  3575 | D:3      | Reached skill level 5 in Conjurations
  3676 | D:3      | Found an ornate altar of the Wu Jian Council.
  3704 | D:4      | Noticed a human
  3704 | D:4      | Found a runed translucent door.
  3704 | D:4      | Found a basalt altar of Yredelemnul.
  3855 | D:4      | Reached XP level 6. HP: 30/32 MP: 0/10
  4130 | D:4      | Noticed Edmund
  4279 | D:4      | Reached skill level 6 in Fire Magic
  4542 | D:4      | Reached XP level 7. HP: 23/36 MP: 1/11
  4748 | D:4      | Noticed a +0 short sword
  4748 | D:4      | Noticed a +0 spear
  4749 | D:4      | Noticed a +0 short sword
  4749 | D:4      | Noticed a +0 dagger
  4749 | D:4      | Noticed a +0 spear
  4750 | D:4      | Noticed a +0 falchion
  4750 | D:4      | Noticed a +0 falchion
  4751 | D:4      | Noticed a +0 dagger
  4756 | D:4      | Found a hide-covered altar of Uskayaw.
  4777 | D:4      | Found a radiant altar of Vehumet.
  4779 | D:4      | Found an ancient bone altar of Kikubaaqudgha.
  4780 | D:4      | Found a shimmering blue altar of Sif Muna.
  4931 | D:4      | Found a sacrificial altar of Ru.
  5026 | D:5      | Entered Level 5 of the Dungeon
  5185 | D:4      | Killed Edmund
  5186 | D:4      | Reached skill level 1 in Fighting
  5514 | D:5      | Noticed a wyvern
  5522 | D:5      | Killed a wyvern
  5523 | D:5      | Reached skill level 5 in Dodging
  5523 | D:5      | Reached XP level 8. HP: 45/45 MP: 7/12
  5616 | D:5      | Found a transporter.
  5661 | D:5      | Found a transporter.
  5672 | D:5      | Noticed SirLogeyBear's ghost (novice HOBe)
  6240 | D:6      | Found a staircase to the Ecumenical Temple.
  6360 | D:2      | Bought a ring of poison resistance for 260 gold pieces
  6766 | D:6      | Reached skill level 7 in Fire Magic
  7023 | D:6      | Reached XP level 9. HP: 52/52 MP: 6/13
  7035 | D:6      | Reached skill level 8 in Fire Magic
  7641 | D:6      | Found a glowing golden altar of the Shining One.
  7642 | D:6      | Found a glowing silver altar of Zin.
  7718 | Temple   | Entered the Ecumenical Temple
  7944 | D:4      | Became a worshipper of Vehumet
  7948 | D:4      | Got Vehumet's Almanac of the Barrage
  7959 | D:4      | Learned a level 4 spell: Flame Wave
  7963 | D:4      | Learned a level 3 spell: Inner Flame
  8096 | D:7      | Reached skill level 9 in Fire Magic
  9067 | D:7      | Found a blossoming altar of Fedhas.
  9069 | D:7      | Found a snail-covered altar of Cheibriados.
  9276 | D:7      | HP: 2/52 [spore (50)]
  9576 | D:7      | Reached skill level 10 in Fire Magic
  9667 | D:7      | Learned a level 3 spell: Volatile Blastmotes
  9740 | D:7      | Identified a scroll of acquirement
  9743 | D:7      | Acquired the +6 double sword "Saesawio" {vamp, rElec Will+
                  | rCorr Int+4}
  9765 | D:8      | Found a runed translucent gate.
  9766 | D:8      | Found a runed translucent gate.
  9767 | D:8      | Found a runed translucent gate.
  9767 | D:8      | Found an opulent altar of Gozag.
 10187 | D:8      | Noticed a centaur warrior
 10716 | D:8      | Noticed a boulder beetle
 10727 | D:8      | Noticed LynnLen's ghost (novice SpEn)
 10741 | D:8      | Reached skill level 1 in Long Blades
 10744 | D:8      | Reached * piety under Vehumet
 10744 | D:8      | Offered knowledge of Sandblast by Vehumet.
 10745 | D:8      | Reached XP level 10. HP: 56/56 MP: 4/17
 11101 | D:8      | Noticed Grum
 11179 | D:7      | Reached skill level 5 in Long Blades
 11337 | D:8      | Killed Grum
 11502 | D:8      | Offered knowledge of Freeze by Vehumet.
 11594 | D:8      | Reached ** piety under Vehumet
 11630 | D:8      | Found an iron altar of Okawaru.
 11764 | D:8      | Shot with an arrow by a centaur warrior

Illustrated notes

Levels and vault maps discovered:
D:1:      erik_arrival_blinker_ship, layout_loops_ring, nicolae_wormholes
D:2:      layout_loops_ring, basic_altar, serial_shops,
          nicolae_shop_temple_entry_statues_fountains,
          nicolae_shop_just_a_little_nook, nicolae_shop_just_a_little_nook,
          nicolae_shop_rolling_square, nicolae_shop_tiny_glass,
          pf_guarded_unrand_delatra
D:3:      layout_basic, nzn_wu_jian_council_hall
D:4:      layout_rooms, grunt_temple_overflow_magic_moments,
          mainiacjoe_overflow_catwalk, nicolae_uskayaw_en_pointe,
          dk_yredelemnul_ordeal, uniq_edmund
D:5:      layout_cave_pools, gammafunk_ghost_smash, kennysheep_generic_room_14
D:6:      layout_loops_ring, gammafunk_temple_overflow_statue,
          minmay_temple_entry_arrows, minmay_holes
D:7:      layout_basic, jmf_multi_god_temple
D:8:      layout_cave_pools, mainiacjoe_overflow_brackets,
          mainiacjoe_overflow_small_starburst, enter_ossuary_2,
          ebering_ghost_gozag, uniq_grum, uniq_gastronok
Temple:   nicolae_temple_bog_church

Skill      XL: |  1  2  3  4  5  6  7  8  9 10 |
---------------+-------------------------------+-----
Conjurations   | 2 3 4 5 6 7 |  7.0
Fire Magic     | 4 5 6 7 10 | 10.6
Fighting       | 2 4 |  4.1
Dodging        | 5 7 |  7.0
Spellcasting   | 4 |  4.0
Long Blades    | 2 7 |  7.3
Stealth        | |  2.0

Action                     |  1- 3 |  4- 6 |  7- 9 | 10-12 || total
---------------------------+-------+-------+-------+-------++-------
  Melee: Unarmed           |     4 |       |       |       ||     4
         Kick              |     1 |     5 |    17 |     2 ||    25
         Peck              |     1 |     2 |    13 |     2 ||    18
         Spear             |       |    19 |       |       ||    19
         Hand axe          |       |       |    49 |       ||    49
         Punch             |       |       |     3 |       ||     3
         Double sword      |       |       |       |     9 ||     9
  Throw: Dart              |       |       |       |     1 ||     1
   Cast: Foxfire           |    61 |    49 |   118 |    23 ||   251
         Scorch            |     4 |    51 |    78 |    27 ||   160
         Inner Flame       |       |       |     5 |     2 ||     7
         Flame Wave        |       |       |     4 |     7 ||    11
    Use: Scroll            |     5 |     4 |    14 |       ||    23
         Potion            |       |     3 |       |       ||     3
 Armour: Robe              |     5 |    15 |    27 |     3 ||    50
  Dodge: Dodged            |    19 |    56 |   145 |    45 ||   265
